 Dungeon Crawl Stone Soup version 0.24-a0-115-gd155597 (console) character file.

Game seed: 11227438252023133407

137 Duffy the Firebug (level 5, -8/42 HPs)
             Began as a Naga Fire Elementalist on Feb 17, 2019.
             Killed from afar by Robin (9 damage)
             ... with a wand of flame (14)
             ... on level 3 of the Dungeon.
             The game lasted 00:02:45 (2672 turns).

Duffy the Firebug (Naga Fire Elementalist)          Turns: 2672, Time: 00:02:46

Health: -8/42      AC:  5    Str: 15    XL:     5   Next: 20%
Magic:  1/9        EV:  9    Int: 17    God:
Gold:   161        SH:  0    Dex: 11    Spells: 5/9 levels left

rFire    . . .     SeeInvis +   s - +2 dagger (venom)
rCold    . . .     Gourm    .   (no shield)
rNeg     . . .     Faith    .   u - +0 leather armour (curse)
rPois    +         Spirit   .   l - +0 helmet
rElec    .         Reflect  .   (no cloak)
rCorr    .         Harm     .   d - +0 pair of gloves
MR       .....                  (no barding)
Stlth    ++........             (no amulet)
HPRegen  0.14/turn              (no ring)
MPRegen  0.11/turn              (no ring)

@: mighty, very slightly contaminated, very slow
A: large, see invisible, deformed body, poison resistance, slowness 2, slow
metabolism 1, spit poison 1, AC +1
a: Spit Poison


You were on level 3 of the Dungeon.
You were not hungry.

You visited 1 branch of the dungeon, and saw 3 of its levels.

You collected 161 gold pieces.

Inventory:

Hand Weapons
 s - a +2 dagger of venom (weapon)
Armour
 d - a +0 pair of gloves (worn)
 l - a +0 helmet (worn)
 u - a cursed +0 leather armour (worn)
Wands
 r - a wand of iceblast (6)
Scrolls
 b - a scroll of identify {unknown}
 f - a scroll of fog {unknown}
 i - a scroll of magic mapping {unknown}
 m - a scroll of immolation {unknown}
 n - a scroll of remove curse {unknown}
 o - a scroll of noise {unknown}
 q - a scroll of amnesia {unknown}
 t - a scroll of enchant weapon {unknown}
Potions
 e - a potion of might
 g - a potion of haste {unknown}
 h - a potion of agility {unknown}
 j - a potion of ambrosia {unknown}
 k - 2 potions of heal wounds {unknown}
Comestibles
 a - 4 chunks of flesh
 c - 5 rations


   Skills:
 - Level 1.5 Dodging
 - Level 3.0 Stealth
 + Level 2.8 Spellcasting
 + Level 3.7 Conjurations
 + Level 3.7 Fire Magic


You had 5 spell levels left.
You knew the following spells:

 Your Spells              Type           Power        Failure   Level  Hunger
h - Flame Tongue          Conj/Fire      ###..        4%          1    #......
l - Conjure Flame         Conj/Fire      ###.....     14%         3    ###....

Your spell library contained the following spells:

 Spells                   Type           Power        Failure   Level  Hunger
 Throw Flame              Conj/Fire      ###...       8%          2    ##.....
 Inner Flame              Hex/Fire       #.......     30%         3    ###....
 Sticky Flame             Conj/Fire      ###.....     43%         4    #####..
 Fireball                 Conj/Fire      ###.......   80%         5    ######.


Dungeon Overview and Level Annotations

Branches:
Dungeon (3/15)

Altars:
Fedhas
Okawaru

Annotations:
D:3 Robin


Innate Abilities, Weirdness & Mutations

You cannot wear boots.
Your serpentine skin is tough. (AC +1)
You have supernaturally acute eyesight. (SInv)
Armour fits poorly on your strangely shaped body.
Your system is resistant to poisons. (rPois)
You cover ground very slowly.
You have a slow metabolism.
You can spit poison.


Message History

It was a potion of might.
You feel very mighty all of a sudden. The orc hits you but does no damage.
The orc closely misses you.
You closely miss the orc. The orc hits you with a +0 dagger.
The orc barely misses you.
You puncture the orc!
You kill the orc!
Robin roars a battlecry!
The orc barely misses you.
You hear a shout! x4
A goblin comes into view. It is wielding a +0 club.
Robin roars a battlecry!
The orc hits you but does no damage.
The goblin moves out of view.
You hear a shout! x3
Items here: %%%%% ( ))))))) [[ You puncture the orc!
You kill the orc! 2 hobgoblins come into view.
Robin zaps a wand.
The puff of flame hits you!
You die...

.(#..#.... .. ###.....
g.. . .. ... ..#....#
#g#.#.. ....
#.#....#.#.#.#. ....
#.#....#.#.. .
....####.#....#...#.# #
..#>...#.#....###.#.#..##
..........(g....))......<
...............##@#.#....
....................# ##
.......................
.#........##.###..###..#
#....%......# #..# ..#
#....#...#### #..# .#
#....#...### #..#
.........<..# ...g
.##...##..#.#


You could see Robin, 2 hobgoblins and a goblin.

Vanquished Creatures
  Terence (D:2)
  2 adders (D:2)
  A gnoll (D:1)
  An ooze (D:3)
  3 worms
  A dart slug (D:1)
  4 leopard geckos
  10 orcs (D:3)
  5 bats
  6 giant cockroaches
  5 goblins
  A hobgoblin (D:2)
  2 quokkas (D:2)
  A ball python (D:1)
  6 frilled lizards
  5 kobolds
  5 rats
59 creatures vanquished.

Notes
Turn   | Place    | Note
-------+----------+-------------------------------------------
     0 | D:1      | Duffy the Naga Fire Elementalist began the quest for the
                  | Orb.
     0 | D:1      | Reached XP level 1. HP: 15/15 MP: 3/3
    77 | D:1      | Reached XP level 2. HP: 22/22 MP: 5/5
   527 | D:1      | Reached XP level 3. HP: 28/28 MP: 0/6
   532 | D:1      | Learned a level 3 spell: Conjure Flame
  1497 | D:2      | Reached XP level 4. HP: 34/36 MP: 3/7
  1545 | D:2      | Found a blossoming altar of Fedhas.
  1653 | D:2      | Found an iron altar of Okawaru.
  2058 | D:2      | Noticed Terence
  2064 | D:2      | Killed Terence
  2638 | D:3      | Reached XP level 5. HP: 39/42 MP: 5/9
  2666 | D:3      | Noticed Robin
  2666 | D:3      | HP: 1/42 [orc/+0 trident (7)]
  2672 | D:3      | Killed from afar by Robin

Levels and vault maps discovered:
D:1:      erik_arrival_cave_to_civilisation [erik_arrival_cave_to_hall],
          layout_loops_ring, st_stairs_13
D:2:      minmay_inner_zag, layout_loops_ring, fedhas_ov_isle_minmay,
          nicolae_overflow_crystal_walls, uniq_terence
D:3:      layout_basic, gammafunk_temple_overflow_pools,
          gammafunk_temple_overflow_wave, solitary_fountain,
          minmay_misc_feat_more_columns, uniq_robin

Skill      XL: |  1  2  3 |
---------------+----------+-----
Conjurations   | 2 3 |  3.7
Dodging        | |  1.5
Stealth        | |  3.0
Spellcasting   | |  2.8
Fire Magic     | |  3.7

Action                   |  1- 3 |  4- 6 || total
-------------------------+-------+-------++-------
Melee: Dagger            |       |    19 ||    19
 Cast: Flame Tongue      |    31 |    44 ||    75
 Abil: Spit Poison       |    14 |     7 ||    21
  Use: Potion            |       |     1 ||     1
  Eat: Chunk             |     2 |     4 ||     6
Armor: Robe              |     3 |     5 ||     8
       Leather armour    |       |    11 ||    11
Dodge: Dodged            |    10 |    24 ||    34

Table legend:
 A = Non-vault XP
 B = Vault XP
 C = Vault XP percentage of total XP
 D = Non-vault monster count
 E = Vault monster count
 F = Vault count percentage of total count
                 A         B        C        D         E       F
            +---------+---------+-------+---------+---------+-------
      Total |     148 |      48 |  24.5 |      50 |       9 |  15.3
            +---------+---------+-------+---------+---------+-------
        D:1 |      47 |       7 |  13.0 |      21 |       4 |  16.0
        D:2 |      55 |      41 |  42.7 |      15 |       5 |  25.0
        D:3 |      46 |       0 |   0.0 |      14 |       0 |   0.0
            +---------+---------+-------+---------+---------+-------
